 Dungeon Crawl Stone Soup version 0.29-a0-813-g4a14ea37d6 (webtiles) character file.

Game seed: 2368786523061758405

91 gobodom the Digger (level 4, -5/25 (27) HPs)
             Began as an Octopode Earth Elementalist on July 4, 2022.
             Slain by Crazy Yiuf
             ... wielding a +4 quarterstaff of chaos
              (6 damage)
             ... on level 2 of the Dungeon.
             The game lasted 00:03:40 (2096 turns).

gobodom the Digger (Octopode Earth Elementalist)    Turns: 2096, Time: 00:03:40

HP:   -5/25 (27)    AC:  1    Str:  9    XL:     4   Next: 59%
MP:   6/8           EV: 13    Int: 17    God:
Gold: 134           SH:  0    Dex: 12    Spells: 7/8 levels left

rFire   . . .      SeeInvis .   (no weapon)
rCold   . . .      Faith    .   (no shield)
rNeg    . . .      Spirit   .   (helmet restricted)
rPois   .          Reflect  .   (no amulet)
rElec   .          Harm     .   (no ring)
rCorr   .          Rampage  .   (no ring)
Will    .....                   (no ring)
Stlth   +++.......              (no ring)
HPRegen 0.08/turn               (no ring)
MPRegen 0.11/turn               (no ring)
                                (no ring)
                                (no ring)

@: drained
A: almost no armour, amphibious, 8 rings, camouflage 1, gelatinous body 1,
(nimble swimmer 1), tentacles
a: no special abilities


You were on level 2 of the Dungeon.
You visited 1 branch of the dungeon, and saw 2 of its levels.

You collected 134 gold pieces.

Inventory:

Jewellery
 h - a ring of protection from fire
 j - a ring of magical power
Scrolls
 b - a scroll of immolation {unknown}
 e - 5 scrolls of identify {unknown}
 f - a scroll of teleportation {unknown}
 i - a scroll of blinking {unknown}
Potions
 a - 2 potions of magic
 c - 3 potions of curing {unknown}
 d - 2 potions of berserk rage {unknown}
 g - a potion of cancellation {unknown}
 k - a potion of might {unknown}


   Skills:
 + Level 0.1 Fighting
 + Level 2.7 Dodging
 + Level 3.3 Stealth
 + Level 0.2 Unarmed Combat
 + Level 2.8 Spellcasting
 + Level 1.0 Transmutations
 + Level 3.8 Earth Magic


You had 7 spell levels left.
You knew the following spells:

 Your Spells              Type           Power      Damage    Failure   Level
a - Sandblast             Erth           30%        2d9       3%          1

Your spell library contained the following spells:

 Spells                   Type           Power      Damage    Failure   Level
 Passwall                 Tmut/Erth      8%         N/A       10%         2
 Stone Arrow              Conj/Erth      18%        3d8       24%         3
 Poisonous Vapours        Pois/Air       4%         N/A       26%         2
 Petrify                  Tmut/Erth      10%        N/A       54%         4
 Corpse Rot               Necr/Pois/Air  2%         N/A       87%         4


Dungeon Overview and Level Annotations

Branches:
Dungeon (2/15)

Altars:

Annotations:
D:2 Crazy Yiuf


Innate Abilities, Weirdness & Mutations

You cannot wear most types of armour.
You are amphibious.
You can wear up to eight rings at the same time.
Your skin changes colour to match your surroundings (Stealth+).
Your rubbery body absorbs attacks. (AC +1, EV +1)
((You are camouflaged when in or above water. (Stealth+)))
You have tentacles for arms and can constrict up to eight enemies at once.


Message History

The blast of sand hits the kobold!
You kill the kobold!
There is an open door here.
You open the door.
There is an open door here.
A hobgoblin comes into view.
The hobgoblin shouts!
The blast of sand hits the hobgoblin.
The hobgoblin is almost dead.
The hobgoblin completely misses you.
A hobgoblin is nearby!
The blast of sand hits the hobgoblin.
You kill the hobgoblin!
You see here a hobgoblin corpse.
Found a hammer.
Found a runed translucent door.
You open the door.
Crazy Yiuf shouts!
The blast of sand hits Crazy Yiuf.
Crazy Yiuf is lightly wounded.
The blast of sand hits Crazy Yiuf!
Crazy Yiuf is severely wounded.
Crazy Yiuf hits you with a +4 quarterstaff of chaos.
Crazy Yiuf burns you.
Crazy Yiuf hits you with a +4 quarterstaff of chaos!
Ouch! That really hurt!
* * * LOW HITPOINT WARNING * * *
You feel drained.
You tentacle-slap Crazy Yiuf but do no damage.
Your grab misses Crazy Yiuf.
Crazy Yiuf is severely wounded.
Crazy Yiuf closely misses you.
You barely miss Crazy Yiuf. You grab Crazy Yiuf.
Crazy Yiuf is severely wounded.
You constrict Crazy Yiuf. Crazy Yiuf barely misses you.
You tentacle-slap Crazy Yiuf.
You squeeze Crazy Yiuf, but do no damage.
Crazy Yiuf is almost dead.
You constrict Crazy Yiuf, but do no damage.
Crazy Yiuf hits you with a +4 quarterstaff of chaos.
You die...

##### ....# ###.#####
###.#...## .........#
######## <##.#....# ###
###.#....## ....##...#
#...##..#......##
.######..#
#...g@####......# .# ##.#
#)..### ##.....# .# #.#
### ####..# ## #.# #.## #
##'# #.# # ##..### ######
#####.# #
##.....###.##.###..#..# #
##.......##.##..##....##
####.........#......†..###


You could see Crazy Yiuf.

Vanquished Creatures
  Jessica (D:2)
  An adder (D:2)
  A worm (D:2)
  2 dart slugs
  5 bats
  3 endoplasms
  2 giant cockroaches
  5 hobgoblins
  4 jackals (D:1)
  3 kobolds
  2 quokkas (D:2)
  5 ball pythons (D:1)
  2 frilled lizards
  5 goblins
  6 rats
47 creatures vanquished.

Notes
Turn   | Place    | Note
-------+----------+-------------------------------------------
     0 | D:1      | gobodom the Octopode Earth Elementalist began the quest for
                  | the Orb.
     0 | D:1      | Reached XP level 1. HP: 11/11 MP: 3/3
   192 | D:1      | Found a faded altar of an unknown god.
   272 | D:1      | Reached XP level 2. HP: 17/17 MP: 3/5
   556 | D:1      | Reached XP level 3. HP: 8/21 MP: 0/6
  1714 | D:2      | Noticed Jessica
  1716 | D:2      | Killed Jessica
  1717 | D:2      | Reached XP level 4. HP: 27/27 MP: 4/8
  2087 | D:2      | Found a runed translucent door.
  2088 | D:2      | Noticed Crazy Yiuf
  2093 | D:2      | HP: 1/27 [Crazy Yiuf/+4 quarterstaff of chaos (17)]
  2096 | D:2      | Slain by Crazy Yiuf

Illustrated notes

Levels and vault maps discovered:
D:1:      heliophobic_arrival_dark_side_of_the_moon, layout_basic,
          hellmonk_ecumenical_altar_lost_god, minmay_3d_cube
D:2:      layout_loops_corners, minmay_misc_feat_chi, hangedman_feature_mirror,
          uniq_crazy_yiuf_cottage, uniq_sigmund, uniq_jessica

Skill      XL: |  1 |
---------------+----+-----
Stealth        | 3 |  3.3
Fighting       | |  0.1
Dodging        | |  2.7
Unarmed Combat | |  0.2
Spellcasting   | |  2.8
Transmutations | |  1.0
Earth Magic    | |  3.8

Action                   |  1- 3 |  4- 6 || total
-------------------------+-------+-------++-------
Melee: Unarmed           |    23 |     5 ||    28
       Constrict         |     8 |     1 ||     9
       Tentacles         |     4 |     2 ||     6
 Cast: Sandblast         |    44 |    18 ||    62
 Stab: Sleeping          |     3 |       ||     3
Armor: Skin              |     4 |       ||     4
Dodge: Dodged            |    35 |     6 ||    41

Table legend: (Time is in decaauts)
 A = Elapsed time spent in this place.
 B = Non-inter-level travel time spent in this place.
 C = Inter-level travel time spent in this place.
 D = Time resting spent in this place.
 E = Time spent auto-exploring this place.
 F = Levels seen in this place.
 G = Mean time per level.
                   A        B        C        D        E       F      G
               +--------+--------+--------+--------+--------+-----+--------+
         Total |   2157 |   2124 |     33 |    125 |   1613 |   2 | 1078.5 |
       Dungeon |   2157 |   2124 |     33 |    125 |   1613 |   2 | 1078.5 |
               +--------+--------+--------+--------+--------+-----+--------+

Top non-repeatable levels by time:
     D:1: 1224 daAuts
     D:2: 933 daAuts
